AoeStats
← jhonskull87

Four Lakes

503614735Analyzed
3v3 RM · 1mo ago on Sep 1, 2026· 64m 47s· 6 players
Game mode
Random Map
Map size
Normal (6 player)
Population
200
Speed
Normal
Resources
Standard
Victory
Conquest
Starting age
Dark Age
Ending age
Imperial Age
RankedLock teamsTeams togetherTeam positionsShared explorationLock speedFull tech treeHidden civsTurbo modeCheats
Victory
Defeat
🇺🇸 Celts · United States
522
+19
🇨🇳 Chinese · China
517
+19
🇰🇿 Mongols · Kazakhstan
500
+20
🇬🇷 Inca · Greece
684
-23
🇲🇽 Persians · Mexico
595
-20
🇦🇷 Malians · Argentina
466
-14
xCRAMxI3E4VE
10:42 Feudal Age
11:38 Double-Bit Axe
14:21 Fishing Lines
15:12 Horse Collar
18:47 Castle Age
18:57 Wheelbarrow
20:38 Forging
20:28 Scale Mail Armor
25:45 Hand Cart
25:55 Bow Saw
28:41 Iron Casting
29:54 Heavy Plow
29:54 Arson
31:22 Chain Mail Armor
31:12 Caravan
32:14 Stronghold
35:27 Imperial Age
37:37 Conscription
37:30 Furor Celtica
38:31 Onager
41:10 Blast Furnace
40:48 Plate Mail Armor
42:28 Elite Woad Raider
44:46 Heavy Scorpion
45:31 Treadmill Crane
46:52 Chemistry
46:13 Ballistics
46:01 Murder Holes
46:58 Siege Onager
梦仔
14:07 Feudal Age
14:54 Double-Bit Axe
15:02 Gold Mining
14:55 Horse Collar
15:53 Wheelbarrow
15:04 Loom
15:56 Arson
15:39 Man-at-Arms
22:35 Castle Age
21:34 Fletching
21:49 Padded Archer Armor
22:01 Forging
21:53 Scale Mail Armor
23:07 Bloodlines
23:23 Squires
23:20 Stone Mining
23:49 Pikeman
26:45 Bow Saw
26:38 Heavy Plow
27:17 Gold Shaft Mining
28:43 Hand Cart
28:21 Elite Skirmisher
29:33 Bodkin Arrow
29:56 Leather Archer Armor
36:15 Imperial Age
34:38 Thumb Ring
35:05 Murder Holes
37:42 Stone Shaft Mining
38:32 Chemistry
37:54 Ballistics
41:03 Two-Man Saw
42:13 Bracer
42:53 Iron Casting
45:07 Rocketry
44:48 Great Wall
46:02 Caravan
46:30 Sappers
47:36 Coinage
47:27 Scale Barding Armor
47:40 Chain Mail Armor
47:46 Masonry
47:45 Elite Chu Ko Nu
48:51 Conscription
51:28 Banking
52:50 Elite Fire Lancer
52:52 Halberdier
54:24 Long Swordsman
54:30 Crossbowman
55:15 Husbandry
54:36 Light Cavalry
64:57 Fishing Lines
Pretoreproperdon
8:25 Loom
12:09 Feudal Age
13:59 Wheelbarrow
13:23 Fishing Lines
14:15 Town Watch
15:11 Double-Bit Axe
17:06 Gold Mining
17:11 Stone Mining
20:50 Castle Age
19:09 Fletching
22:08 Hand Cart
22:31 Gold Shaft Mining
23:14 Stone Shaft Mining
22:44 Horse Collar
23:17 Bodkin Arrow
24:37 Heavy Plow
25:20 Scale Barding Armor
26:35 Chain Barding Armor
26:29 Bow Saw
26:54 Bloodlines
26:46 Husbandry
28:29 Light Cavalry
29:41 Murder Holes
30:30 Town Patrol
32:01 Ballistics
32:11 Nomads
32:31 Gillnets
32:51 Caravan
36:45 Imperial Age
34:45 Pikeman
37:37 Fortified Wall
39:15 Conscription
39:45 Hoardings
39:27 Bracer
39:43 Masonry
40:14 Squires
44:48 Elite Mangudai
45:04 Hussar
58:39 Chemistry
jhonskull87
11:54 Feudal Age
10:10 Loom
12:36 Double-Bit Axe
12:35 Horse Collar
16:00 Wheelbarrow
15:12 Town Watch
23:35 Castle Age
24:56 Forging
24:37 Fletching
24:48 Padded Archer Armor
25:00 Fishing Lines
25:20 Pikeman
26:01 Squires
25:47 Gambesons
27:11 Heavy Plow
27:07 Stone Mining
30:32 Stone Shaft Mining
29:51 Gold Mining
30:21 Leather Archer Armor
31:12 Hand Cart
31:20 Hand Cart
31:55 Scale Mail Armor
33:12 Arson
33:30 Town Patrol
34:43 Iron Casting
33:34 Elite Skirmisher
35:57 Ballistics
35:33 Murder Holes
35:50 Scale Barding Armor
37:18 Bow Saw
37:52 Gold Shaft Mining
39:28 Bloodlines
42:33 Imperial Age
41:18 Kamandaran
42:03 Bodkin Arrow
42:04 Heated Shot
45:24 Halberdier
47:40 Chemistry
47:12 Husbandry
49:57 Cavalier
Elentin
4:37 Loom
11:57 Feudal Age
13:21 Double-Bit Axe
17:54 Horse Collar
18:11 Gold Mining
19:53 Stone Mining
23:51 Castle Age
22:39 Fishing Lines
26:33 Champi Runner
29:27 Heavy Plow
30:13 Bow Saw
30:42 Gillnets
32:08 Gold Shaft Mining
32:13 Stone Shaft Mining
32:45 Champi Warrior
33:27 Squires
33:14 Arson
34:17 Andean Sling
36:56 Imperial Age
34:31 Treadmill Crane
34:48 Murder Holes
35:14 Ballistics
36:01 Forging
35:52 Scale Mail Armor
36:41 Padded Archer Armor
38:04 Iron Casting
39:54 Conscription
38:57 Elite Kamayuk
40:50 Hoardings
40:18 Fabric Shields
45:31 Thumb Ring
46:35 Fletching
47:46 Blast Furnace
47:08 Leather Archer Armor
48:48 Elite Champi Warrior
50:56 Bodkin Arrow
53:35 Wheelbarrow
52:50 Town Watch
54:48 Chemistry
55:26 Chain Mail Armor
56:57 Arrowslits
60:28 Sappers
Reinox
11:15 Feudal Age
23:07 Castle Age
26:25 Man-at-Arms
28:56 Gold Mining
28:57 Stone Mining
28:54 Horse Collar
29:02 Double-Bit Axe
30:01 Wheelbarrow
28:54 Long Swordsman
28:59 Crossbowman
29:47 Thumb Ring
32:28 Forging
32:09 Fletching
32:45 Elite Skirmisher
33:34 Husbandry
35:31 Iron Casting
37:51 Heavy Plow
38:33 Gold Shaft Mining
41:52 Imperial Age
40:23 Scale Barding Armor
42:15 Hand Cart
42:39 Stone Shaft Mining
42:17 Bow Saw
42:26 Heavy Camel Rider
44:43 Scale Mail Armor
44:10 Two-Handed Swordsman
44:25 Cavalier
46:46 Crop Rotation
46:57 Caravan
47:54 Chain Barding Armor
50:34 Arbalester
Connection lost

Rejoining the realm…

Still unreachable

The connection could not be restored.

Session expired

The server has moved on; the page needs a fresh start.